 Dungeon Crawl Stone Soup version bcrawl-1.41 (console) character file.

Game seed: 12243599574297187323

263899 pavelek the Covert (level 8, 0/43 HPs)
             Began as an Octopode Rogue on Mar 26, 2024.
             Succumbed to a water moccasin's poison
             ... on level 5 of the Dungeon.
             The game lasted 00:25:30 (4171 turns).

pavelek the Covert (Octopode Rogue)                 Turns: 4171, Time: 00:25:30

Health: 0/43       AC:  1    Str: 15 (18) XL:     8   Next: 39%
Magic:  9/9        EV: 19    Int: 11 (14) God:
Gold:   222        SH:  4    Dex: 16 (19) Spells: 7/7 levels left

rFire    . . .     GDR:     28% w - +3 short sword (venom)
rCold    . . .     SeeInvis .   (no shield)
rNeg     + . .     Gourm    .   (helmet restricted)
rPois    .         Faith    .   u - scarf {stasis}
rElec    .         Spirit   .   l - +4 amulet of reflection
rCorr    +         Reflect  +   k - ring of positive energy
MR       .....                  t - +5 ring of strength
Stlth    ++++++++..             v - ring of resist corrosion
HPRegen  0.17/turn              (no ring)
MPRegen  0.11/turn              (no ring)
                                (no ring)
                                (no ring)
                                (no ring)

@: agile, lethally poisoned (0 -> -7)
A: almost no armour, stealthy swim, resist paralysis, amphibious, 8 rings,
constrict 8, camouflage 2, frail 2, strong 1, gelatinous body 1
a: no special abilities


You were on level 5 of the Dungeon.
You were not hungry.

You visited 1 branch of the dungeon, and saw 5 of its levels.
You also visited: Ossuary.

You collected 222 gold pieces.

Inventory:

Hand Weapons
 b - a +0 blowgun
 w - a +3 short sword of venom (weapon)
Missiles
 c - 194 poisoned needles
 z - 185 poisoned tomahawks (quivered)
Armour
 g - a +0 robe
 u - a scarf of stasis (worn)
Jewellery
 k - a ring of positive energy (left tentacle)
 l - a +4 amulet of reflection (around mantle)
 m - the amulet "Mulil" {Inacc rElec}
   (You found it on level 3 of the Dungeon)

   [amulet of inaccuracy]

   It reduces the accuracy of all your attacks.
   It insulates you from electricity.
 t - a +5 ring of strength (right tentacle)
 v - a ring of resist corrosion (on tentacle)
 x - an uncursed amulet of faith
Wands
 a - a wand of digging (9)
 d - a wand of flame (15)
 f - a wand of charming (15)
 h - a wand of disintegration (12)
Scrolls
 i - 14 scrolls of identify
 j - 2 scrolls of teleportation
 r - 2 scrolls of enchant armour
 y - a scroll of remove curse
Potions
 o - a potion of haste {unknown}
 p - a potion of resistance {unknown}
 s - a potion of flight {unknown}
 A - a potion of brilliance {unknown}
 B - a potion of heal wounds {unknown}
Comestibles
 e - 10 rations {!d}
 q - 2 chunks of flesh


   Skills:
 + Level 3.7 Fighting
 + Level 5.8 Short Blades
 + Level 2.3 Dodging
 + Level 11.1 Stealth
 + Level 2.2 Evocations


You had 7 spell levels left.
You didn't know any spells.
Your spell library was empty.

Dungeon Overview and Level Annotations

Branches:
Dungeon (5/12)
 Temple: D:4-7

Altars:


Innate Abilities, Weirdness & Mutations

You cannot wear most types of armour.
You are very stealthy in the water. (Stealth+)
Your unusual nervous system resists paralysis.
You are amphibious.
You can wear up to eight rings at the same time.
You can use your tentacles to constrict eight enemies at once.
Your skin blends seamlessly with your surroundings (Stealth++).
Your rubbery body absorbs attacks. (AC +1, EV +1)
You are very frail. (-20% HP)
Your muscles are strong. (Str +2)


Message History

You constrict the water moccasin. The water moccasin bites you.
You release your grip on the water moccasin.
The water moccasin completely misses you.
You hit the water moccasin. Your grab misses the water moccasin.
The water moccasin is moderately wounded.
The quokka bites you.
* * * LOW HITPOINT WARNING * * *
The water moccasin closely misses you.
You hit the quokka but do no damage.
The quokka is poisoned.
You grab the quokka. You constrict the quokka. The quokka barely misses you.
The water moccasin bites you!
* * * LOW HITPOINT WARNING * * *
You are lethally poisoned!
The water moccasin poisons you!
No path to travel!
No path to travel!
Unknown command.
It was a potion of agility.
You feel agile all of a sudden.
You constrict the quokka.
You die...

## #####... #..#
##..#... #...##......##
.####....#....... ? #.
..............##..
#..##......##........#
...................##
##..........rS.......#
#.......#....@........
#...(..............>.
#...##......W........
##....).............
##............<...###
#<................>.
#....##..............
.....#..#..............
.....##...............
#.... ##......#......
#.... ....####...


You could see a phantom, a water moccasin and a quokka.

Vanquished Creatures
  An orc warrior (D:3)
  A sky beast (D:4)
  A phantom (D:3)
  2 elf zombies (Ossuary)
  A water moccasin skeleton (D:4)
  2 orc priests (D:3)
  3 crimson imps (D:4)
  2 orc wizards
  2 hounds
  A human zombie (Ossuary)
  Jessica (D:3)
  3 worker ants (D:4)
  A hound skeleton (D:4)
  2 mummies (Ossuary)
  2 centaur zombies (Ossuary)
  5 adders
  An ooze (D:3)
  3 worms
  5 dart slugs
  2 leopard geckos
  17 orcs
  7 giant cockroaches
  9 goblins
  7 hobgoblins
  4 jackals
  8 kobolds
  2 quokkas
  3 ball pythons
  6 bats
  4 frilled lizards
  A goblin zombie (Ossuary)
  12 hobgoblin zombies (Ossuary)
  2 jackal zombies (Ossuary)
  9 kobold zombies (Ossuary)
  6 orc zombies (Ossuary)
  9 rats
  2 rat zombies (Ossuary)
149 creatures vanquished.

Notes
Turn   | Place    | Note
-------+----------+-------------------------------------------
     0 | D:1      | pavelek the Octopode Rogue began the quest for the Orb.
     0 | D:1      | Reached XP level 1. HP: 14/14 MP: 2/2
    15 | D:1      | Reached skill level 6 in Stealth
    73 | D:1      | Reached XP level 2. HP: 16/19 MP: 3/3
   407 | D:1      | Reached XP level 3. HP: 24/24 MP: 4/4
   490 | D:1      | Reached skill level 7 in Stealth
  1270 | D:2      | Reached XP level 4. HP: 29/29 MP: 5/5
  1630 | D:3      | Reached skill level 8 in Stealth
  1633 | D:3      | Reached XP level 5. HP: 14/34 MP: 6/6
  1979 | D:3      | Reached XP level 6. HP: 36/41 MP: 7/7
  1983 | D:3      | Reached skill level 9 in Stealth
  2129 | D:3      | Noticed Jessica
  2326 | D:3      | Killed Jessica
  2640 | D:3      | Got a coiled tin amulet
  2683 | D:3      | Identified the amulet "Mulil" {Inacc rElec} (You found it
                  | on level 3 of the Dungeon)
  2703 | D:3      | Noticed an orc warrior
  2713 | D:3      | Killed an orc warrior
  2714 | D:3      | Reached skill level 1 in Dodging
  2753 | D:3      | Noticed a phantom
  2795 | D:3      | Killed a phantom
  2796 | D:3      | Reached XP level 7. HP: 38/45 MP: 8/8
  2918 | D:4      | Reached skill level 10 in Stealth
  3184 | D:4      | Reached skill level 5 in Short Blades
  3267 | D:4      | Reached XP level 8. HP: 51/52 MP: 9/9
  3340 | D:4      | Found a sand-covered staircase.
  3345 | Ossuary  | Entered an ossuary
  3663 | Ossuary  | Reached skill level 11 in Stealth
  3830 | D:4      | Gained mutation: You can translocate small distances at
                  | will. [potion of mutation]
  3830 | D:4      | Gained mutation: You are frail. (-10% HP) [potion of
                  | mutation]
  3830 | D:4      | Gained mutation: You expend magic power (3 MP) to
                  | strengthen your wands. [potion of mutation]
  3831 | D:4      | Lost mutation: You expend magic power (3 MP) to strengthen
                  | your wands. [potion of mutation]
  3831 | D:4      | Lost mutation: You can translocate small distances at will.
                  | [potion of mutation]
  3831 | D:4      | Gained mutation: Your muscles are strong. (Str +2) [potion
                  | of mutation]
  3831 | D:4      | Gained mutation: You are very frail. (-20% HP) [potion of
                  | mutation]
  3831 | D:4      | Gained mutation: Your skin blends seamlessly with your
                  | surroundings (Stealth++). [potion of mutation]
  4147 | D:5      | Entered Level 5 of the Dungeon
  4170 | D:5      | HP: 1/43 [water moccasin (10)]
  4171 | D:5      | Succumbed to a water moccasin's poison

Skill      XL: |  1  2  3  4  5  6  7  8 |
---------------+-------------------------+-----
Stealth        | 6 7 8 9 10 11 | 11.1
Short Blades   | 3 4 5 |  5.8
Dodging        | 1 2 |  2.3
Fighting       | 3 |  3.7
Evocations     | |  2.2

Action                   |  1- 3 |  4- 6 |  7- 9 || total
-------------------------+-------+-------+-------++-------
Melee: Dagger            |    74 |       |       ||    74
       Tentacles         |    10 |    20 |    28 ||    58
       Constrict         |    17 |    21 |    31 ||    69
       Short sword       |     2 |    80 |   133 ||   215
  Use: Scroll            |       |     7 |     3 ||    10
       Potion            |       |       |     4 ||     4
 Stab: Sleeping          |    21 |    15 |    17 ||    53
  Eat: Chunk             |     3 |     6 |     4 ||    13
       Ration            |       |       |     1 ||     1
Armor: Skin              |     9 |     5 |     7 ||    21
Dodge: Dodged            |    24 |    31 |    42 ||    97
Block: Other             |       |     1 |    14 ||    15
       Reflection        |       |       |     3 ||     3
